AoeStats
← Mangudai de Oakley

Arena

509029175Analyzed
4v4 RM · 5d ago on Sep 25, 2026· 30m 59s· 8 players
Game mode
Random Map
Map size
Large (8 player)
Population
200
Speed
Normal
Resources
Standard
Victory
Conquest
Starting age
Dark Age
Ending age
Imperial Age
RankedLock teamsTeams togetherTeam positionsShared explorationLock speedFull tech treeHidden civsTurbo modeCheats
Victory
Defeat
🇺🇸 Bohemians · United States
1236
+12
🇭🇰 Bulgarians · Hong Kong SAR China
1230
+13
🇹🇼 Persians · Taiwan
1207
+14
🇹🇼 Teutons · Taiwan
1128
+16
🇮🇩 Danes · Indonesia
1172
-15
🇦🇷 Turks · Argentina
1165
-14
🇲🇽 Saxons · Mexico
1159
-14
🇧🇷 Celts · Brazil
1112
-12
Tlacaelel.MX
5:06 Loom
10:31 Feudal Age
14:33 Castle Age
13:21 Stone Mining
16:04 Town Watch
16:42 Fletching
16:55 Double-Bit Axe
16:55 Horse Collar
DS_Mc. Patto
10:58 Feudal Age
10:39 Loom
15:18 Castle Age
14:06 Stone Mining
14:15 Fletching
23:07 Bodkin Arrow
28:44 Double-Bit Axe
Mangudai de Oakley
10:17 Feudal Age
14:16 Castle Age
14:39 Double-Bit Axe
14:48 Loom
17:24 Wheelbarrow
20:18 Bow Saw
23:50 Scale Mail Armor
24:01 Forging
27:13 Horse Collar
30:02 Fletching
alan
10:27 Feudal Age
15:04 Castle Age
13:11 Double-Bit Axe
13:08 Horse Collar
21:53 Bow Saw
22:53 Scale Mail Armor
26:13 Chain Mail Armor
26:47 Squires
26:45 Gambesons
28:16 Forging
Thrillho
11:51 Feudal Age
12:23 Double-Bit Axe
12:43 Horse Collar
15:18 Castle Age
17:29 Chemistry
17:43 Bow Saw
18:50 Heavy Plow
tnan
11:20 Feudal Age
15:12 Castle Age
14:44 Double-Bit Axe
14:40 Horse Collar
15:54 Bow Saw
15:45 Heavy Plow
18:39 Loom
22:49 Stone Mining
24:36 Gold Mining
27:37 Stone Shaft Mining
27:40 Gold Shaft Mining
31:18 Imperial Age
29:49 Masonry
32:12 Hoardings
lebron
10:05 Feudal Age
13:50 Castle Age
12:01 Double-Bit Axe
12:49 Gold Mining
14:59 Bow Saw
16:46 Loom
19:25 Scale Mail Armor
20:35 Horse Collar
21:54 Squires
22:05 Gambesons
24:18 Gold Shaft Mining
27:21 Chain Mail Armor
27:35 Arson
29:48 Wheelbarrow
29:21 Heavy Plow
30:54 Hand Cart
michaelye023755
5:28 Loom
9:11 Feudal Age
10:21 Double-Bit Axe
14:26 Fletching
15:04 Horse Collar
22:51 Castle Age
27:37 Gold Mining
30:21 Wheelbarrow
30:06 Forging
30:02 Scale Barding Armor
30:30 Town Watch
Connection lost

Rejoining the realm…

Still unreachable

The connection could not be restored.

Session expired

The server has moved on; the page needs a fresh start.